 Dungeon Crawl Stone Soup version 0.21.0-3-g78d12a8bdd (webtiles) character file.

20626 Rrauwl the Warrior (level 12, -4/128 HPs)
             Began as an Ogre Berserker on Jan 16, 2018.
             Was a High Priest of Trog.
             Slain by a hog (9 damage)
             ... led by Kirke
             ... on level 11 of the Dungeon.
             The game lasted 00:54:24 (14585 turns).

Rrauwl the Warrior (Ogre Berserker)                Turns: 14585, Time: 00:54:25

Health: -4/128     AC:  7    Str: 24    XL:     12   Next: 81%
Magic:  12/12      EV: 13    Int:  8    God:    Trog [*****.]
Gold:   803        SH:  0    Dex: 12    Spells: 11/11 levels left

rFire    + . .     SeeInvis +   a - +3 mace (drain)
rCold    . . .     Gourm    .   (no shield)
rNeg     . . .     Faith    .   A - +0 troll leather armour
rPois    .         Spirit   .   x - +2 hat {SInv}
rElec    .         Reflect  .   (no cloak)
rCorr    .         Harm     .   (gloves unavailable)
MR       +++..                  (boots unavailable)
Stlth    +.........             (no amulet)
HPRegen  0.71/turn              n - ring of protection from magic
MPRegen  0.13/turn              h - ring of protection from fire

@: lethally poisoned (-4 -> -4), berserk cooldown, hasted and slowed
A: large, unfitting armour, frail 1, magic resistance 1, tough skin 1
a: Berserk, Trog's Hand, Brothers in Arms, Burn Spellbooks, Renounce Religion


You were on level 11 of the Dungeon.
You worshipped Trog.
Trog was extremely pleased with you.
You were not hungry.

You visited 3 branches of the dungeon, and saw 16 of its levels.
You also visited: Sewer.

You collected 803 gold pieces.

Inventory:

Hand Weapons
 a - a +3 mace of draining (weapon)
 c - a +1 giant spiked club
 d - a +0 giant spiked club
Missiles
 B - 7 tomahawks of dispersal (quivered)
Armour
 x - a +2 hat of see invisible (worn)
 A - a +0 troll leather armour (worn)
Jewellery
 h - a ring of protection from fire (right hand)
 n - a ring of protection from magic (left hand)
Wands
 b - a wand of iceblast (23)
 k - a wand of polymorph (16)
 l - a wand of acid (9)
Scrolls
 i - 6 scrolls of identify
 j - 8 scrolls of remove curse
 y - 5 scrolls of teleportation
 E - a scroll of fog
Potions
 f - a potion of resistance
 m - a potion of brilliance
 p - a potion of curing
 r - 2 potions of haste
 s - 5 potions of might
 u - a potion of agility
Miscellaneous
 D - a lightning rod (4/4)
Comestibles
 e - 16 rations


   Skills:
 - Level 15.2 Fighting
 + Level 14.0 Maces & Flails
 - Level 2.0 Armour
 - Level 7.0 Dodging


You had 11 spell levels left.
You didn't know any spells.

Dungeon Overview and Level Annotations

Branches:
Dungeon (12/15)            Temple (1/1) D:5            Lair (3/6) D:10
    Orc (0/2) D:10
  Swamp: Lair:2-4    Shoals: Lair:2-4     Snake: Lair:2-4    Spider: Lair:2-4

Altars:
Ashenzari
Cheibriados
Dithmenos
Elyvilon
Fedhas
Gozag
Hepliaklqana
Kikubaaqudgha
Makhleb
Nemelex Xobeh
Okawaru
Qazlal
Ru
Sif Muna
Trog
Uskayaw
Vehumet
Wu Jian
Xom
Yredelemnul
Zin
The Shining One

Shops:
D:10 :

Annotations:
Lair:3 Sonja


Innate Abilities, Weirdness & Mutations

You are too large for most types of armour.
You have tough skin. (AC +1)
You are frail. (-10% HP)
You are resistant to hostile enchantments. (MR+)


Message History

Trog accepts your kill.
Your Maces & Flails skill increases to level 14!
You feel sick. The hog bites you but does no damage.
You sock the hog!
The hog is moderately wounded.
You are no longer berserk.
You are exhausted.
You feel as though you will be slow longer.
The hog closely misses you. The hog bites you but does no damage.
Okay, then.
You feel yourself speed up.
You feel sick. The hog bites you.
* * * LOW HITPOINT WARNING * * *
The hog bites you but does no damage. The hog bites you.
* * * LOW HITPOINT WARNING * * *
The hog barely misses you.
You feel sick. The hog barely misses you. The hog closely misses you.
You feel sick. The hog completely misses you.
You feel sick. The hog bites you!
You die...

#.####...## ##.#
#....#
#(######...#
##(#........#
#.#(........##
##............#
#.#...[.......#
##.#...........#
#.#.........h@.#
####.....†..h.##
##...>....##
###.....##
#######


You could see 2 hogs.

Vanquished Creatures
  5 two-headed ogres
  2 unseen horrors
  Pikel (D:7)
  An ugly thing (D:12)
  The ghost of TehFrederick the Digger, a novice GrEE of Vehumet (D:6)
  A black mamba (Lair:2)
  Joseph (D:7)
  3 spiny frogs
  A komodo dragon (Lair:2)
  A merfolk (D:11)
  A troll (D:10)
  A hornet (D:11)
  3 blink frogs (Lair:2)
  A slime creature (D:11)
  6 hippogriffs
  A basilisk (Lair:1)
  14 yaks
  A hog (D:12)
  The ghost of heintsi the Grasshopper, an amateur GnWr (D:3)
  2 vampire mosquitoes (Lair:1)
  Menkaure (D:5)
  An insubstantial wisp (Lair:1)
  4 water moccasins
  3 porcupines
  6 orc warriors
  2 sky beasts
  2 ice beasts
  4 black bears
  A slave (D:7)
  2 necrophages
  5 ogres
  2 phantoms
  10 wolves
  8 centaurs
  7 crocodiles
  3 big kobolds
  7 bullfrogs
  A gnoll sergeant (D:9)
  A wyvern skeleton (D:12)
  3 scorpions
  3 wights (D:7)
  8 killer bees
  A water moccasin skeleton (D:9)
  2 howler monkeys
  5 crimson imps
  2 hounds
  2 quasits
  3 jellies
  5 orc priests
  2 bullfrog skeletons
  A centaur skeleton (D:6)
  12 orc wizards
  Natasha (thrice) (D:2 D:4)
  6 iguanas
  8 worker ants
  Terence (D:2)
  A hound zombie (D:9)
  2 hound skeletons
  A howler monkey zombie (D:5)
  A worker ant zombie (D:6)
  6 gnolls
  16 adders
  2 river rats (Sewer)
  A shadow imp (D:7)
  3 oozes
  3 adder zombies
  2 adder skeletons
  6 worms
  A dart slug (D:2)
  8 leopard geckos
  47 orcs
  6 ball pythons
  5 giant cockroaches
  6 goblins
  11 hobgoblins
  13 jackals
  21 kobolds
  4 quokkas
  11 bats
  5 frilled lizards
  A leopard gecko skeleton (D:4)
  A leopard gecko zombie (D:7)
  7 rats
  A plant (Lair:1)
377 creatures vanquished.

Vanquished Creatures (collateral kills)
  A wraith (D:11)
  A vampire mosquito (D:10)
  2 insubstantial wisps (Lair:1)
  A water moccasin (Lair:3)
  4 wolves
  A crocodile (Lair:1)
  An orc (D:11)
11 creatures vanquished.

Vanquished Creatures (others)
  2 slaves (D:7)
  A bullfrog (D:7)
  An orc (D:7)
  A plant (Lair:1)
5 creatures vanquished.

Grand Total: 393 creatures vanquished

Notes
Turn   | Place    | Note
-------+----------+-------------------------------------------
     0 | D:1      | Rrauwl the Ogre Berserker began the quest for the Orb.
     0 | D:1      | Reached XP level 1. HP: 24/24 MP: 1/1
   126 | D:1      | Reached XP level 2. HP: 20/32 MP: 2/2
   394 | D:1      | Reached XP level 3. HP: 40/40 MP: 3/3
   496 | D:1      | Reached ** piety under Trog
   929 | D:2      | Reached XP level 4. HP: 36/49 MP: 4/4
   963 | D:2      | Noticed Terence
   969 | D:2      | Killed Terence
   969 | D:2      | Reached skill level 5 in Fighting
   996 | D:2      | Noticed Natasha
  1000 | D:2      | Killed Natasha
  1015 | D:2      | Reached XP level 5. HP: 46/57 MP: 5/5
  1076 | D:2      | Reached *** piety under Trog
  1710 | D:3      | Found a burning altar of Makhleb.
  1724 | D:3      | Reached XP level 6. HP: 65/67 MP: 6/6
  1843 | D:3      | Reached skill level 6 in Fighting
  1960 | D:3      | Noticed heintsi's ghost (amateur GnWr)
  1967 | D:3      | Killed heintsi's ghost
  1967 | D:3      | Reached skill level 7 in Fighting
  1967 | D:3      | Reached XP level 7. HP: 78/78 MP: 7/7
  2005 | D:3      | Found a shimmering altar of Xom.
  2006 | D:3      | Found a hazy altar of Hepliaklqana.
  2007 | D:3      | Noticed a spectral ugly thing
  2018 | D:3      | Found a glowing drain.
  2040 | Sewer    | Entered a sewer
  2097 | Sewer    | Reached **** piety under Trog
  2097 | Sewer    | Reached skill level 5 in Maces & Flails
  2574 | D:4      | Reached skill level 8 in Fighting
  2662 | D:4      | Noticed Natasha
  2671 | D:4      | Killed Natasha
  2849 | D:4      | Noticed Natasha
  2856 | D:4      | Killed Natasha
  3021 | D:4      | Received a gift from Trog
  3038 | D:4      | Reached XP level 8. HP: 89/89 MP: 8/8
  3250 | D:4      | Reached skill level 9 in Fighting
  3582 | D:5      | Entered Level 5 of the Dungeon
  3953 | D:5      | Found a blossoming altar of Fedhas.
  4120 | D:5      | Noticed Menkaure
  4124 | D:5      | Killed Menkaure
  4124 | D:5      | Reached skill level 10 in Fighting
  4125 | D:5      | Found a staircase to the Ecumenical Temple.
  4139 | Temple   | Entered the Ecumenical Temple
  4931 | D:6      | Noticed TehFrederick's ghost (novice GrEE)
  4939 | D:6      | Killed TehFrederick's ghost
  4939 | D:6      | Reached skill level 11 in Fighting
  4939 | D:6      | Reached XP level 9. HP: 105/105 MP: 9/9
  5528 | D:6      | Found a snail-covered altar of Cheibriados.
  5529 | D:6      | Found a hide-covered altar of Uskayaw.
  5604 | D:7      | Noticed Pikel
  5615 | D:7      | Killed Pikel
  5615 | D:7      | Reached skill level 12 in Fighting
  5691 | D:7      | Noticed Joseph
  5959 | D:7      | Noticed a two-headed ogre
  5984 | D:7      | Killed a two-headed ogre
  5984 | D:7      | Reached XP level 10. HP: 87/118 MP: 10/10
  5988 | D:7      | Reached ***** piety under Trog
  6536 | D:7      | Killed Joseph
  6536 | D:7      | Reached skill level 13 in Fighting
  7040 | D:8      | Found an ancient bone altar of Kikubaaqudgha.
  7040 | D:8      | Found a white marble altar of Elyvilon.
  7093 | D:8      | Noticed a two-headed ogre
  7101 | D:8      | Killed a two-headed ogre
  7101 | D:8      | Reached skill level 10 in Maces & Flails
  7399 | D:8      | Reached skill level 14 in Fighting
  7577 | D:8      | Found a bloodstained altar of Trog.
  8021 | D:8      | Found a shattered altar of Ashenzari.
  8476 | D:9      | Found a radiant altar of Vehumet.
  8590 | D:9      | Reached XP level 11. HP: 131/131 MP: 11/11
  8969 | D:9      | Found a glowing golden altar of the Shining One.
  9085 | D:9      | Noticed a two-headed ogre
  9096 | D:9      | Killed a two-headed ogre
  9096 | D:9      | Reached skill level 15 in Fighting
  9148 | D:9      | Noticed a two-headed ogre
  9155 | D:9      | Killed a two-headed ogre
  9276 | D:10     | Entered Level 10 of the Dungeon
  9462 | D:10     | Found a staircase to the Orcish Mines.
  9550 | D:10     | Found a staircase to the Lair.
  9674 | D:10     | Identified a scroll of acquirement
 10150 | D:10     | Noticed a two-headed ogre
 10155 | D:10     | Killed a two-headed ogre
 10186 | D:10     | Found Zimaorez's Book Shop.
 10606 | D:11     | Reached skill level 5 in Dodging
 10915 | D:11     | Received a gift from Trog
 11043 | D:11     | Noticed an unseen horror
 11051 | D:11     | Killed an unseen horror
 11844 | Lair:1   | Entered Level 1 of the Lair of Beasts
 11873 | Lair:1   | Reached XP level 12. HP: 122/143 MP: 12/12
 12578 | Lair:1   | Reached skill level 1 in Armour
 12917 | Lair:2   | Gained mutation: You are frail. (-10% HP) [potion of mutation]
 12917 | Lair:2   | Gained mutation: You are resistant to hostile enchantments. (MR+) [potion of mutation]
 13515 | Lair:2   | Received a gift from Trog
 13785 | Lair:3   | Noticed Sonja
 14104 | Lair:3   | Noticed a four-headed hydra
 14569 | D:12     | Paralysed by a hornet for 3 turns
 14580 | D:11     | HP: 5/128 [hog[Kirke] (5)]
 14585 | D:11     | HP: 5/128 [poisoned by a hornet]
 14585 | D:11     | Slain by a hog

Skill      XL: |  1  2  3  4  5  6  7  8  9 10 11 12 |
---------------+-------------------------------------+-----
Dodging        | 3 4 6 7 |  7.0
Maces & Flails | 3 4 6 7 9 10 12 14 | 14.0
Fighting       | 5 7 8 11 12 14 15 | 15.2
Armour         | 2 |  2.0

Action                   |  1- 3 |  4- 6 |  7- 9 | 10-12 || total
-------------------------+-------+-------+-------+-------++-------
Melee: Mace              |    95 |   136 |   372 |   716 ||  1319
       Giant spiked club |       |       |       |    20 ||    20
Invok: Berserk           |       |     2 |     4 |    24 ||    30
       Burn Spellbooks   |       |       |     1 |     3 ||     4
       Brothers in Arms  |       |       |       |     5 ||     5
  Use: Scroll            |       |       |    15 |     7 ||    22
       Potion            |       |       |     3 |    11 ||    14
 Stab: Sleeping          |     2 |       |     2 |       ||     4
       Distracted        |       |       |       |     2 ||     2
  Eat: Chunk             |       |     5 |    11 |    30 ||    46
       Ration            |       |       |     2 |     7 ||     9
Armor: Animal skin       |    32 |    55 |    41 |       ||   128
       Robe              |       |       |    33 |    78 ||   111
       Troll leather arm |       |       |       |   171 ||   171
Dodge: Dodged            |    48 |   109 |   172 |   505 ||   834
